 Dungeon Crawl Stone Soup version 0.26.0-3-g156281e41b (webtiles) character file.

Game seed: 2057615268029222334

688 EnegeticOcto the Chopper (level 7, 29/64 HPs)
             Began as a Deep Dwarf Fighter on Jan 9, 2021.
             Quit the game in the Ecumenical Temple.
             The game lasted 00:01:18 (1599 turns).

EnegeticOcto the Chopper (Deep Dwarf Fighter)       Turns: 1599, Time: 00:01:19

Health: 29/64      AC:  8    Str: 21    XL:     7   Next: 36%
Magic:  7/7        EV:  7    Int:  9    God:
Gold:   254        SH: 10    Dex: 12    Spells: 6/6 levels left

rFire    + . .     SeeInvis .   a - +0 war axe
rCold    . . .     Faith    .   c - +0 kite shield
rNeg     . . .     Spirit   .   b - +0 scale mail
rPois    .         Reflect  .   (no helmet)
rElec    .         Harm     .   s - +0 cloak
rCorr    .         Rampage  .   (no gloves)
Will     +....                  (no boots)
Stlth    ..........             (no amulet)
HPRegen  0.00/turn              m - ring of protection from fire
MPRegen  0.10/turn              (no ring)

@: non-regenerating
A: damage resistance, heal wounds, sense surroundings 1, no regeneration
a: Heal Wounds


You were in the Ecumenical Temple.
You visited 2 branches of the dungeon, and saw 6 of its levels.

You collected 254 gold pieces.

Inventory:

Hand Weapons
 a - a +0 war axe (weapon)
Armour
 b - a +0 scale mail (worn)
 c - a +0 kite shield (worn)
 s - a +0 cloak (worn)
Jewellery
 m - a ring of protection from fire (left hand)
 p - an uncursed ring of magical power {unknown}
Scrolls
 f - 4 scrolls of identify {unknown}
 g - a scroll of magic mapping {unknown}
 h - a scroll of noise {unknown}
 j - 2 scrolls of enchant weapon {unknown}
 l - a scroll of amnesia {unknown}
 n - a scroll of teleportation {unknown}
 o - a scroll of enchant armour {unknown}
 r - 2 scrolls of remove curse {unknown}
Potions
 d - a potion of might {@q3}
 e - a potion of berserk rage {unknown}
 i - a potion of lignification {unknown}
 k - a potion of flight {unknown}
 q - a potion of heal wounds {unknown}


   Skills:
 + Level 4.2 Fighting
 * Level 5.9 Axes
 + Level 5.1 Armour
 + Level 5.2 Shields


You had 6 spell levels left.
You didn't know any spells.
Your spell library was empty.

Dungeon Overview and Level Annotations

Branches:
Dungeon (5/15)             Temple (1/1) D:5

Altars:
Ashenzari
Cheibriados
Dithmenos
Elyvilon
Fedhas
Gozag
Hepliaklqana
Kikubaaqudgha
Nemelex Xobeh
Okawaru
Qazlal
Ru
Sif Muna
Trog
Uskayaw
Xom
Yredelemnul
Zin
The Shining One


Innate Abilities, Weirdness & Mutations

You are resistant to damage.
You can heal yourself by infusing magical energy.
You passively map a small area around you.
You do not regenerate.


Message History

Blork the orc shouts!
Found a long sword.
A shadow imp comes into view.
The shadow imp shouts, "Slither home, thou peaked beef-witted jarkman!"
You closely miss the orc wizard. The orc wizard casts a spell at you.
The magic dart hits you!
You barely miss the orc wizard.
Your shield prevents you from hitting the shadow imp.
You hit the orc but do no damage. The orc wizard closely misses you.
The shadow imp hits you. The orc hits you but does no damage.
You hit the shadow imp but do no damage.
You slash the orc!
You kill the orc!
You closely miss the orc.
The shadow imp hits you but does no damage.
You closely miss the orc wizard. You closely miss the shadow imp.
You hit Blork the orc. The shadow imp barely misses you.
You block the orc wizard's attack.
You slash Blork the orc!
Blork the orc is heavily wounded.
You hit the orc.
You hit the orc wizard but do no damage.
You hit the shadow imp but do no damage.
You slash the orc!
You kill the orc!
The shadow imp closely misses you. You block Blork the orc's attack.
The orc wizard mumbles some strange words.
The orc wizard seems to speed up.
You block the orc's attack. The shadow imp hits you.
You hit the orc.
You kill the orc!
You closely miss Blork the orc. You closely miss the shadow imp.
You slash the orc wizard!
The orc wizard gestures wildly while chanting.
The orc wizard blinks!
Blork the orc hits you with a +0 morningstar!
The shadow imp hits you.
You completely miss Blork the orc.
Blork the orc is heavily wounded.
You slash the shadow imp!
The orc wizard mumbles some strange words.
The orc wizard blinks!
You block Blork the orc's attack. You block the shadow imp's attack.
Blork the orc closely misses you.
You hit the shadow imp.
You kill the shadow imp!
You hit Blork the orc. You block the orc wizard's attack.
Blork the orc hits you but does no damage.
You hit Blork the orc.
Blork the orc is almost dead.
You hit the orc wizard but do no damage.
You block the orc wizard's attack.
The orc wizard hits you but does no damage.
Blork the orc gestures at you while chanting.
The magic dart hits you.
You slash Blork the orc!
You kill Blork the orc!
You hit the orc wizard. You block the orc wizard's attack.
The orc wizard barely misses you.
You slash the orc wizard!
You kill the orc wizard!
No target in view!
No target in view!
No target in view!
No target in view!
No target in view!
No target in view!
No target in view!
No target in view!
No target in view!
No target in view!
No target in view!
No target in view!
No target in view!
No target in view!
No target in view!
No target in view!
No target in view!
There is a staircase to the Ecumenical Temple here.
You see here a +0 club.
You climb downwards.
Welcome to the Ecumenical Temple!
There is a staircase back to the Dungeon here.
Found an ancient bone altar of Kikubaaqudgha.
There's nothing to open nearby.
Found a glowing golden altar of the Shining One.
Found a broken altar of Ashenzari.
Found a shimmering altar of Xom.
Found an iron altar of Okawaru.
Found a blossoming altar of Fedhas.
Found a shimmering blue altar of Sif Muna.
Found a stormy altar of Qazlal.
Found a sparkling altar of Nemelex Xobeh.
Found a shadowy altar of Dithmenos and a bloodstained altar of Trog.
Found a sacrificial altar of Ru.
Done exploring.
Done exploring.
Done exploring.
Search for what [? for help]? mak Can't find anything matching that.
Are you sure you want to abandon this character and quit the game? (Confirm with "yes".)

♣.....♣♣.♣ ♣
♣♣...♣♣♣.♣♣♣
♣♣.P♣.♣.♣.♣
♣..♣♣♣♣♣♣.♣ ♣♣♣
♣♣.P♣ ♣.♣♣ ♣♣.♣
♣P.♣ ♣♣... ♣♣..♣♣
♣♣.♣ ♣....
♣♣....♣♣♣..♣ ♣.._.
♣.@...♣....♣ ♣....
♣♣.._.....♣♣ ♣♣...
♣.....♣♣♣.♣♣♣ ♣♣..
♣♣...♣♣♣♣♣..♣♣♣♣.P
♣♣♣..♣♣..♣♣..PP.♣
♣♣♣♣.♣♣♣.♣♣..♣♣
♣♣♣♣♣♣ ♣.♣♣ ♣♣♣..♣♣
♣....♣♣ ♣♣.♣
♣♣♣♣.♣♣
♣.....♣♣♣.♣♣♣♣....♣


There were no monsters in sight!

Vanquished Creatures
  A centaur (D:3)
  2 ogres
  Blork the orc (D:5)
  An orc priest (D:3)
  2 hounds
  2 orc wizards
  Terence (D:2)
  A worker ant (D:4)
  A hound skeleton (D:5)
  A worker ant zombie (D:5)
  7 adders
  2 shadow imps (D:5)
  An ufetubus (D:5)
  2 worms (D:2)
  A dart slug (D:2)
  4 leopard geckos
  7 orcs
  6 bats
  7 goblins
  6 hobgoblins
  8 jackals (D:2)
  9 kobolds
  2 frilled lizards (D:3)
  4 rats
79 creatures vanquished.

Notes
Turn   | Place    | Note
-------+----------+-------------------------------------------
     0 | D:1      | EnegeticOcto the Deep Dwarf Fighter began the quest for the
                  | Orb.
     0 | D:1      | Reached XP level 1. HP: 20/20 MP: 1/1
    78 | D:1      | Reached XP level 2. HP: 27/27 MP: 2/2
   461 | D:2      | Reached XP level 3. HP: 24/33 MP: 3/3
   538 | D:2      | Noticed Terence
   549 | D:2      | Killed Terence
   550 | D:2      | Reached XP level 4. HP: 34/42 MP: 4/4
   646 | D:3      | Found a hazy altar of Hepliaklqana.
   646 | D:3      | Found a hide-covered altar of Uskayaw.
   647 | D:3      | Found an opulent altar of Gozag.
   647 | D:3      | Found a basalt altar of Yredelemnul.
   647 | D:3      | Found a white marble altar of Elyvilon.
   647 | D:3      | Found a glowing silver altar of Zin.
   650 | D:3      | Found a snail-covered altar of Cheibriados.
   780 | D:3      | Noticed a centaur
   789 | D:3      | Killed a centaur
   790 | D:3      | Reached XP level 5. HP: 42/49 MP: 5/5
   816 | D:3      | Found an iron altar of Okawaru.
   909 | D:3      | Reached XP level 6. HP: 30/56 MP: 6/6
  1160 | D:4      | Reached skill level 5 in Axes
  1233 | D:4      | You fall into a shaft and drop 1 floor!
  1233 | D:5      | Entered Level 5 of the Dungeon
  1242 | D:5      | Reached XP level 7. HP: 44/64 MP: 7/7
  1274 | D:5      | Reached skill level 5 in Shields
  1319 | D:5      | Reached skill level 5 in Armour
  1324 | D:5      | Found a staircase to the Ecumenical Temple.
  1328 | D:5      | Noticed Blork the orc
  1340 | D:5      | Killed Blork the orc
  1344 | Temple   | Entered the Ecumenical Temple
  1599 | Temple   | Quit the game

Illustrated notes

Levels and vault maps discovered:
D:1:      elethiomel_arrival_shortcut, layout_basic
D:2:      layout_basic, minmay_quantized, uniq_terence
D:3:      layout_loops_ring, grunt_temple_overflow_open, portal_sewer_entry_e,
          chequers_ecumenical_altar_grove, kennysheep_cross_room,
          kennysheep_another_room, grunt_decor_junction,
          okawaru_ov_weapons_minmay
D:4:      layout_basic, marbit_many_paths, uniq_menkaure
D:5:      layout_rooms, minmay_temple_entry_slanted, uniq_duvessa,
          uniq_blork_the_orc
Temple:   minmay_temple_forest_path

Skill      XL: |  1  2  3  4  5  6  7 |
---------------+----------------------+-----
Axes           | 3 4 5 |  5.9
Fighting       | 3 4 |  4.2
Shields        | 4 5 |  5.2
Armour         | 4 5 |  5.1

Action                   |  1- 3 |  4- 6 |  7- 9 || total
-------------------------+-------+-------+-------++-------
Melee: War axe           |    75 |   121 |    31 ||   227
 Abil: Heal Wounds       |     1 |     5 |       ||     6
Armor: Scale mail        |    31 |    45 |    17 ||    93
Dodge: Dodged            |    27 |    45 |    13 ||    85
Block: Kite shield       |    44 |    63 |    20 ||   127
